 Dungeon Crawl Stone Soup version 0.31-a0-532-g28f74ba3e5 (webtiles) character file.

Game seed: 4354027503656416122

11784 cforsyth the Prestidigitator (level 11, -1/75 HPs)
             Began as a Gnoll Artificer on Aug 12, 2023.
             Was a Priest of Hepliaklqana.
             Slain by a death yak (19 damage)
             ... on level 11 of the Dungeon on Aug 13, 2023.
             The game lasted 00:18:49 (11917 turns).

cforsyth the Prestidigitator (Gnoll Artificer)     Turns: 11917, Time: 00:18:49

Health: -1/75      AC: 20    Str: 16    XL:     11   Next: 83%
Magic:  7/7        EV: 10    Int: 15    God:    Hepliaklqana [***...]
Gold:   49         SH:  5    Dex: 13    Spells: 23/23 levels left

rFire   + . .        C - +8 quarterstaff of Disembowelment {antimagic, rElec rN+ Str+5}
rCold   . . .        (shield currently unavailable)
rNeg    + . .        D - +1 chain mail {rF+}
rPois   .            g - +2 helmet
rElec   +            v - +0 cloak
rCorr   .            p - +0 pair of gloves
SInv    +            M - +1 pair of boots of the Loofah {Will+ Regen+}
Will    +....        b - amulet of reflection
Stlth   +            R - ring of see invisible
HPRegen 1.12/turn    G - ring of flight
MPRegen 0.10/turn

%: reflection
@: flying
A: reduced essence, fangs 1, strong nose, distributed training
a: Renounce Religion, Recall Ancestor, Ancestor Identity, Transference


You were on level 11 of the Dungeon.
You worshipped Hepliaklqana.
Hepliaklqana was most pleased with you.
You visited 2 branches of the dungeon, and saw 12 of its levels.

You collected 467 gold pieces.
You spent 418 gold pieces at shops.

Inventory:

Hand Weapons
 n - a +2 dagger of venom
 C - the +8 quarterstaff of Disembowelment (weapon) {antimagic, rElec rN+ Str+5}
   (You found it on level 5 of the Dungeon)

   Str+5:     It affects your strength (+5).
   rElec:     It insulates you from electricity.
   rN+:       It protects you from negative energy.
 J - the +4 rapier of Moderation {venom, MP-9 Dex+9}
   (You bought it in a shop on level 6 of the Dungeon)

   Dex+9:     It affects your dexterity (+9).
   MP-9:      It affects your magic capacity (-9).
 T - the +6 long sword "Keptirch" {drain, Fragile rElec rPois Int-5}
   (You bought it in a shop on level 10 of the Dungeon)

   Int-5:     It affects your intelligence (-5).
   rElec:     It insulates you from electricity.
   rPois:     It protects you from poison Fragile: It will be destroyed if
   unequipped.
Armour
 g - a +2 helmet (worn)
 p - a +0 pair of gloves (worn)
 q - a +0 buckler
 v - a +0 cloak (worn)
 D - a +1 chain mail of fire resistance (worn)
 M - the +1 pair of boots of the Loofah (worn) {Will+ Regen+}
   (You found it on level 8 of the Dungeon)

   Will+:     It increases your willpower.
   Regen+:    It increases your rate of health regeneration.
 V - the +2 pair of gloves of Fedhas's Delight {Contam *Corrode rF+ rN+++}
   (You found it on level 10 of the Dungeon)

   rF+:       It protects you from fire.
   rN+++:     It renders you almost immune to negative energy.
   Contam:    It causes magical contamination when unequipped.
   *Corrode:  It may corrode you when you take damage.
Jewellery
 b - an amulet of reflection (around neck)
 k - a ring of wizardry
 y - an amulet of magic regeneration
 G - a ring of flight (right hand)
 R - a ring of see invisible (left hand)
Talismans
 s - a flux talisman
Wands
 c - a wand of flame (13) (quivered)
 d - a wand of charming (15)
 e - a wand of iceblast (4)
 f - a wand of mindburst (5)
 m - a wand of digging (5)
 K - a wand of roots (16)
 Q - a wand of light (4)
Scrolls
 h - 3 scrolls of fog {unknown}
 i - a scroll of brand weapon {unknown}
 j - 4 scrolls of poison {unknown}
 r - 3 scrolls of enchant armour {unknown}
 u - a scroll of amnesia {unknown}
 w - 3 scrolls of noise {unknown}
 x - a scroll of blinking {unknown}
 z - 2 scrolls of teleportation
 B - a scroll of fear {unknown}
 F - a scroll of torment {unknown}
 H - 3 scrolls of vulnerability {unknown}
 N - 2 scrolls of enchant weapon {unknown}
Potions
 a - a potion of brilliance
 l - a potion of invisibility
 o - 6 potions of curing
 t - a potion of heal wounds
 A - a potion of mutation
 E - a potion of lignification
 I - 2 potions of attraction
 L - 2 potions of might
 O - a potion of berserk rage {unknown}
 P - a potion of resistance {unknown}
 S - 2 potions of haste {unknown}
 U - a potion of degeneration {unknown}


   Skills:
 + Level 7.3 Fighting
 + Level 6.8 Short Blades
 + Level 6.8 Long Blades
 + Level 6.8 Axes
 + Level 6.8 Maces & Flails
 + Level 6.8 Polearms
 + Level 6.8 Staves
 + Level 6.8 Ranged Weapons
 + Level 6.8 Throwing
 + Level 8.3 Armour
 + Level 7.3 Dodging
 + Level 7.2 Stealth
 + Level 6.8 Shields
 + Level 6.8 Unarmed Combat
 + Level 6.8 Spellcasting
 + Level 5.6 Conjurations
 + Level 5.6 Hexes
 + Level 5.6 Summonings
 + Level 5.6 Necromancy
 + Level 5.6 Translocations
 + Level 5.6 Transmutations
 + Level 5.6 Fire Magic
 + Level 5.6 Ice Magic
 + Level 5.6 Air Magic
 + Level 5.6 Earth Magic
 + Level 5.6 Poison Magic
 + Level 7.4 Invocations
 + Level 9.5 Evocations
 + Level 5.6 Shapeshifting


You had 23 spell levels left.
You didn't know any spells.
Your spell library contained the following spells:

 Spells                   Type           Power      Damage    Failure   Level
 Sandblast                Erth           44%        2d11      12%         1
 Passwall                 Tmut/Erth      18%        N/A       17%         2
 Dazzling Flash           Conj/Hex       44%        N/A       34%         3
 Stone Arrow              Conj/Erth      44%        3d9       34%         3
 Summon Guardian Golem    Hex/Summ       22%        N/A       34%         3
 Volatile Blastmotes      Fire/Tloc      44%        2d13      34%         3
 Starburst                Conj/Fire      11%        6d5       100%        6
 Orb of Destruction       Conj           11%        9d6       100%        7
 Spellforged Servitor     Conj/Summ      11%        N/A       100%        7
 Maxwell's Capacitive Co  Air            11%        ∞         100%        8


Dungeon Overview and Level Annotations

Branches:
Dungeon (11/15)            Temple (1/1) D:4            Lair (0/5) D:11
    Orc (0/2) D:10

Altars:
Ashenzari
Cheibriados
Dithmenos
Elyvilon
Fedhas
Gozag
Hepliaklqana
Kikubaaqudgha
Makhleb
Nemelex Xobeh
Okawaru
Qazlal
Ru
Sif Muna
Trog
Uskayaw
Vehumet
Wu Jian
Xom
Yredelemnul
Zin
The Shining One

Shops:
D:6 (   D:10 (


Innate Abilities, Weirdness & Mutations

Your life essence is reduced to manifest your ancestor. (-10% HP)
You have very sharp teeth.
Your uncanny sense of smell can sniff out nearby items.
Your experience applies equally to all skills.


Message History

HP restored.
You start waiting.
Done waiting.
Done exploring.
Done exploring.
Done exploring.
Done exploring.
Done exploring.
Done exploring.
Things that are here:
a +0 cloak; a +2 short sword of venom Done exploring.
There is a stone staircase leading down here.
You fly downwards.
Found a rapier.
There is a stone staircase leading up here.
An acid dragon is nearby!
A death yak comes into view.
Edwyna points at the death yak and mumbles some strange words.
The puff of frost hits the death yak.
The death yak gores Edwyna!!
Edwyna hits the death yak with a +0 quarterstaff.
You fly upwards.
There is a stone staircase leading down here.
You start waiting.
Done waiting.
You start waiting.
Done waiting.
Edwyna is recalled.
Magic restored.
Done exploring.
Done exploring.
Done exploring.
Done exploring.
You fly downwards.
You block the death yak's attack. The death yak gores you!
The acid dragon spits acid at you. The splash of acid hits you!!
The death yak gores you!
* * * LOW HITPOINT WARNING * * *
The death yak gores you!!
You die...

.#### #.. .
..... #.# .#
...... #)###.##
#.#### #......#.
#.###. #........
#.##..
######........
#.....
#......R......
#.##..
#.....@.......
#.#.#.
#....YY......#
#..###
#.....#.D..>...
#.#.#. #.....
.........##.##..
###.##
...##.......###.
#. .........##.#
#. # ..#.....
#.# ## .......
#.. ... ####


You could see the friendly Edwyna the battlemage, 2 death yaks and an acid
dragon (catching breath).

Vanquished Creatures
  A two-headed ogre (D:9)
  A soul eater (D:11)
  Pikel (D:8)
  2 cyclopes
  Maurice (D:10)
  A rust devil (D:10)
  A kobold demonologist (D:10)
  Psyche (D:9)
  A shadow (D:10)
  A wyvern (D:10)
  7 yaks
  2 steam dragons
  A chaos spawn (D:10)
  A water moccasin (D:6)
  2 ice beasts
  2 centaurs
  An ogre (D:5)
  4 kobold brigands
  2 bullfrogs (D:7)
  2 scorpions
  3 wights (D:7)
  2 killer bees (D:7)
  4 howler monkeys
  2 jellies
  5 orc priests
  7 hounds
  2 gnoll boudas
  2 sleepcaps
  Natasha (thrice) (D:3)
  10 orc wizards
  12 gnolls
  8 adders
  A shadow imp (D:7)
  5 white imps
  A worm (D:2)
  2 dart slugs (D:3)
  29 orcs
  6 bats
  9 endoplasms
  4 giant cockroaches
  10 goblins
  4 hobgoblins
  7 jackals
  17 kobolds
  4 quokkas
  6 ball pythons
  4 frilled lizards
  3 rats (D:1)
207 creatures vanquished.

Vanquished Creatures (collateral kills)
  A two-headed ogre (D:11)
  A death yak (D:10)
  A rust devil (D:11)
  A kobold demonologist (D:10)
  2 hornets
  A wraith (D:10)
  2 yaks (D:9)
  2 wyverns
  4 orc warriors
  A sky beast (D:8)
  2 lemures (D:7)
  2 bullfrogs
  A kobold brigand (D:10)
  3 killer bees (D:7)
  3 howler monkeys
  An orc priest (D:10)
  2 orc wizards
  An iguana (D:6)
  A sleepcap (D:7)
  2 gnolls
  An adder (D:6)
  A white imp (D:7)
  12 orcs
  7 kobolds
55 creatures vanquished.

Vanquished Creatures (others)
  A yak (D:6)
  An iguana (D:4)
  3 battlemagi (D:11)
  A gnoll (D:7)
6 creatures vanquished.

Grand Total: 268 creatures vanquished

Notes
Turn   | Place    | Note
-------+----------+-------------------------------------------
     0 | D:1      | cforsyth the Gnoll Artificer began the quest for the Orb.
     0 | D:1      | Reached XP level 1. HP: 17/17 MP: 1/1
   226 | D:1      | Reached XP level 2. HP: 23/23 MP: 2/2
  1041 | D:1      | Reached XP level 3. HP: 13/28 MP: 2/4
  1238 | D:1      | Reached skill level 1 in Invocations
  1345 | D:1      | Reached skill level 1 in Short Blades
  1345 | D:1      | Reached skill level 1 in Long Blades
  1345 | D:1      | Reached skill level 1 in Axes
  1345 | D:1      | Reached skill level 1 in Maces & Flails
  1345 | D:1      | Reached skill level 1 in Polearms
  1345 | D:1      | Reached skill level 1 in Staves
  1345 | D:1      | Reached skill level 1 in Ranged Weapons
  1345 | D:1      | Reached skill level 1 in Throwing
  1345 | D:1      | Reached skill level 1 in Shields
  1345 | D:1      | Reached skill level 1 in Unarmed Combat
  1345 | D:1      | Reached skill level 1 in Spellcasting
  1527 | D:1      | Reached XP level 4. HP: 30/34 MP: 5/5
  1916 | D:2      | Reached skill level 1 in Conjurations
  1916 | D:2      | Reached skill level 1 in Hexes
  1916 | D:2      | Reached skill level 1 in Summonings
  1916 | D:2      | Reached skill level 1 in Necromancy
  1916 | D:2      | Reached skill level 1 in Translocations
  1916 | D:2      | Reached skill level 1 in Transmutations
  1916 | D:2      | Reached skill level 1 in Fire Magic
  1916 | D:2      | Reached skill level 1 in Ice Magic
  1916 | D:2      | Reached skill level 1 in Air Magic
  1916 | D:2      | Reached skill level 1 in Earth Magic
  1916 | D:2      | Reached skill level 1 in Poison Magic
  1916 | D:2      | Reached skill level 1 in Shapeshifting
  2226 | D:3      | Reached XP level 5. HP: 40/40 MP: 5/7
  2228 | D:3      | Noticed Natasha
  2236 | D:3      | Killed Natasha
  2479 | D:3      | Found a shimmering blue altar of Sif Muna.
  2624 | D:3      | Found a bloodstained altar of Trog.
  2666 | D:3      | Noticed Natasha
  2673 | D:3      | Killed Natasha
  3014 | D:3      | Noticed Natasha
  3026 | D:3      | Killed Natasha
  3027 | D:3      | Reached XP level 6. HP: 45/47 MP: 8/8
  3219 | D:4      | Reached skill level 5 in Armour
  3505 | D:4      | Found a faded altar of an unknown god.
  3506 | D:4      | Found a hazy altar of Hepliaklqana.
  3635 | D:4      | Became a worshipper of Hepliaklqana the Forgotten
  3684 | D:4      | Found a staircase to the Ecumenical Temple.
  3692 | D:4      | Reached XP level 7. HP: 41/52 MP: 10/10
  3705 | D:4      | Reached skill level 7 in Evocations
  3737 | Temple   | Entered the Ecumenical Temple
  3887 | D:4      | Found a glowing golden altar of the Shining One.
  3938 | D:4      | Found a sacrificial altar of Ru.
  4081 | D:5      | Entered Level 5 of the Dungeon
  4163 | D:5      | Identified the +8 quarterstaff of Disembowelment
                  | {antimagic, rElec rN+ Str+5}
  4299 | D:5      | Reached XP level 8. HP: 22/60 MP: 4/12
  5291 | D:6      | Reached * piety under Hepliaklqana
  5629 | D:6      | Found an ornate altar of the Wu Jian Council.
  5857 | D:6      | Found Esileub's Antique Weapon Shop.
  5867 | D:6      | Bought a masterwork rapier for 189 gold pieces
  5867 | D:6      | Identified the +4 rapier of Moderation {venom, MP-9 Dex+9}
                  | (You bought it in a shop on level 6 of the Dungeon)
  6120 | D:6      | Reached XP level 9. HP: 59/59 MP: 4/14
  6720 | D:6      | Reached skill level 5 in Fighting
  6720 | D:6      | Reached skill level 5 in Dodging
  7024 | D:6      | Reached skill level 5 in Stealth
  7116 | D:6      | Reached skill level 8 in Evocations
  7121 | D:6      | Reached skill level 5 in Invocations
  7310 | D:7      | Found a glowing silver altar of Zin.
  7638 | D:7      | Reached ** piety under Hepliaklqana
  7639 | D:7      | Remembered your ancestor Edwyna as a battlemage
  7783 | D:8      | Noticed Pikel
  7956 | D:8      | Noticed a hornet
  7960 | D:7      | Reached XP level 10. HP: 65/67 MP: 5/17
  8108 | D:8      | Killed Pikel
  8109 | D:8      | Reached skill level 5 in Short Blades
  8109 | D:8      | Reached skill level 5 in Long Blades
  8109 | D:8      | Reached skill level 5 in Axes
  8109 | D:8      | Reached skill level 5 in Maces & Flails
  8109 | D:8      | Reached skill level 5 in Polearms
  8109 | D:8      | Reached skill level 5 in Staves
  8109 | D:8      | Reached skill level 5 in Ranged Weapons
  8109 | D:8      | Reached skill level 5 in Throwing
  8109 | D:8      | Reached skill level 5 in Shields
  8109 | D:8      | Reached skill level 5 in Unarmed Combat
  8109 | D:8      | Reached skill level 5 in Spellcasting
  8363 | D:8      | Paralysed by a hornet for 2 turns
  8366 | D:8      | Paralysed by a hornet for 2 turns
  8709 | D:8      | Found an iron altar of Okawaru.
  8736 | D:8      | Found a snail-covered altar of Cheibriados.
  8767 | D:8      | Identified the +1 pair of boots of the Loofah {Will+
                  | Regen+}
  9057 | D:9      | Noticed Psyche
  9244 | D:9      | Killed Psyche
  9521 | D:9      | Found a broken altar of Ashenzari.
  9608 | D:9      | Noticed a two-headed ogre
  9616 | D:9      | Killed a two-headed ogre
  9617 | D:9      | Reached skill level 9 in Evocations
  9617 | D:9      | Reached XP level 11. HP: 51/74 MP: 6/19
  9774 | D:10     | Entered Level 10 of the Dungeon
  9791 | D:10     | Identified the +2 pair of gloves of Fedhas's Delight
                  | {Contam *Corrode rF+ rN+++}
  9806 | D:10     | Found a staircase to the Orcish Mines.
  9876 | D:10     | Reached skill level 5 in Conjurations
  9876 | D:10     | Reached skill level 5 in Hexes
  9876 | D:10     | Reached skill level 5 in Summonings
  9876 | D:10     | Reached skill level 5 in Necromancy
  9876 | D:10     | Reached skill level 5 in Translocations
  9876 | D:10     | Reached skill level 5 in Transmutations
  9876 | D:10     | Reached skill level 5 in Fire Magic
  9876 | D:10     | Reached skill level 5 in Ice Magic
  9876 | D:10     | Reached skill level 5 in Air Magic
  9876 | D:10     | Reached skill level 5 in Earth Magic
  9876 | D:10     | Reached skill level 5 in Poison Magic
  9876 | D:10     | Reached skill level 5 in Shapeshifting
  9910 | D:10     | Found a shadowy altar of Dithmenos.
  9954 | D:10     | Reached *** piety under Hepliaklqana
  9994 | D:10     | Found Xec Ques's Antique Weapon Emporium.
 10061 | D:10     | Found a stormy altar of Qazlal.
 10303 | D:10     | Noticed a cyclops
 10315 | D:10     | Killed a cyclops
 10381 | D:10     | Noticed Maurice
 10386 | D:10     | Killed Maurice
 10481 | D:10     | Bought a brightly glowing long sword for 229 gold pieces
 10481 | D:10     | Identified the +6 long sword "Keptirch" {drain, Fragile
                  | rElec rPois Int-5} (You bought it in a shop on level 10 of
                  | the Dungeon)
 10550 | D:11     | Noticed a soul eater
 10562 | D:11     | Killed a soul eater
 10671 | D:11     | Noticed a two-headed ogre
 10678 | D:11     | Killed a two-headed ogre
 10726 | D:11     | Noticed a cyclops
 11256 | D:11     | Killed a cyclops
 11282 | D:11     | Noticed a death yak
 11283 | D:11     | Found a staircase to the Lair.
 11283 | D:11     | Noticed a death yak
 11283 | D:11     | Noticed a death yak
 11529 | D:10     | Killed a death yak
 11690 | D:11     | Noticed a death yak
 11917 | D:11     | Slain by a death yak

Illustrated notes

Levels and vault maps discovered:
D:1:      dpeg_arrival_three_same_balls, layout_basic
D:2:      layout_rooms, minivault_4
D:3:      layout_loops_ring, trog_book, led_sif_pool, uniq_natasha
D:4:      layout_rooms, tso_oasis_becter, beargit_hepliaklqana_dungeon_heroes,
          nicolae_ru_the_path_less_chosen, minmay_temple_entry_large_hall,
          minmay_fountain_box, chequers_serial_rivers_micro_a,
          corexii_item_surrounded_by_moat
D:5:      layout_cave_pools, minmay_holes
D:6:      layout_basic, nicolae_wu_jian_wuxing_cycle, serial_shops,
          nicolae_lakefront_shop
D:7:      layout_cave_pools, zin_academy, serial_column_ruins,
          column_ruins_hut_pillars, column_ruins_open_small,
          column_ruins_columns_plus, column_ruins_columns_water,
          column_ruins_open_tiny, column_ruins_open_tiny
D:8:      layout_cave_pools, mainiacjoe_overflow_six_doors_small,
          lemuel_tele_altar, uniq_pikel
D:9:      layout_rooms, cheibrodos_ashenzari_chains,
          nicolae_houndstooth_variations, uniq_psyche
D:10:     layout_basic, nicolae_dithmenos_the_darkroom,
          nicolae_qazlal_eye_of_the_storm, orc_0_dummy, serial_shops, shop,
          roderic_serpentine_path, uniq_maurice
D:11:     layout_loops_ring, dpeg_lair_monsters, serial_demonic,
          serial_demonic_c, serial_demonic_e, serial_demonic_c,
          serial_demonic_d, hellmonk_guarded_unrand_vitality_bloodlust,
          uniq_urug
Temple:   compressed_dpeg_circular_temple

Skill      XL: |  1  2  3  4  5  6  7  8  9 10 11 |
---------------+----------------------------------+-----
Invocations    | 1 2 3 4 5 6 7 |  7.4
Short Blades   | 1 2 3 4 5 6 |  6.8
Long Blades    | 1 2 3 4 5 6 |  6.8
Axes           | 1 2 3 4 5 6 |  6.8
Maces & Flails | 1 2 3 4 5 6 |  6.8
Polearms       | 1 2 3 4 5 6 |  6.8
Staves         | 1 2 3 4 5 6 |  6.8
Ranged Weapons | 1 2 3 4 5 6 |  6.8
Throwing       | 1 2 3 4 5 6 |  6.8
Shields        | 1 2 3 4 5 6 |  6.8
Unarmed Combat | 1 2 3 4 5 6 |  6.8
Spellcasting   | 1 2 3 4 5 6 |  6.8
Conjurations   | 1 2 3 4 5 |  5.6
Hexes          | 1 2 3 4 5 |  5.6
Summonings     | 1 2 3 4 5 |  5.6
Necromancy     | 1 2 3 4 5 |  5.6
Translocations | 1 2 3 4 5 |  5.6
Transmutations | 1 2 3 4 5 |  5.6
Fire Magic     | 1 2 3 4 5 |  5.6
Ice Magic      | 1 2 3 4 5 |  5.6
Air Magic      | 1 2 3 4 5 |  5.6
Earth Magic    | 1 2 3 4 5 |  5.6
Poison Magic   | 1 2 3 4 5 |  5.6
Shapeshifting  | 1 2 3 4 5 |  5.6
Fighting       | 3 4 5 6 7 |  7.3
Dodging        | 3 4 5 6 7 |  7.3
Stealth        | 3 4 5 6 7 |  7.2
Armour         | 5 6 7 8 |  8.3
Evocations     | 7 8 9 |  9.5

Action                     |  1- 3 |  4- 6 |  7- 9 | 10-12 || total
---------------------------+-------+-------+-------+-------++-------
  Melee: Club              |   125 |    22 |       |       ||   147
         Bite              |    13 |    28 |    38 |    29 ||   108
         Dagger            |       |   185 |    42 |       ||   227
         Quarterstaff      |       |       |   268 |   233 ||   501
 Invoke: Recall Ancestor   |       |       |     2 |     3 ||     5
         Ancestor Life: Ba |       |       |     1 |       ||     1
  Evoke: Wand              |     4 |     2 |     2 |     9 ||    17
    Use: Scroll            |       |       |       |     9 ||     9
   Stab: Sleeping          |     5 |     1 |       |       ||     6
         Distracted        |       |     1 |     1 |     4 ||     6
 Armour: Leather armour    |    20 |       |       |       ||    20
         Ring mail         |    28 |    80 |    44 |       ||   152
         Chain mail        |       |       |   115 |   111 ||   226
  Dodge: Dodged            |   102 |    94 |   135 |   106 ||   437
  Block: Other             |       |    17 |    71 |    55 ||   143
         Buckler           |       |    46 |    10 |       ||    56
         Reflection        |       |       |       |     1 ||     1
         Form:             |       |       |       |     1 ||     1
         Flux              |       |       |       |     1 ||     1

Table legend: (Time is in decaauts)
 A = Elapsed time spent in this place.
 B = Non-inter-level travel time spent in this place.
 C = Inter-level travel time spent in this place.
 D = Time resting spent in this place.
 E = Time spent auto-exploring this place.
 F = Levels seen in this place.
 G = Mean time per level.
                   A        B        C        D        E       F      G
               +--------+--------+--------+--------+--------+-----+--------+
         Total |  12019 |  11600 |    419 |   3047 |   6307 |  12 | 1001.6 |
       Dungeon |  12017 |  11598 |    419 |   3047 |   6307 |  11 | 1092.5 |
        Temple |      1 |      1 |      0 |      0 |      0 |   1 |    1.0 |
               +--------+--------+--------+--------+--------+-----+--------+

Top non-repeatable levels by time:
    D:10: 1797 daAuts
     D:7: 1648 daAuts
     D:1: 1604 daAuts
     D:5: 1436 daAuts
     D:6: 1343 daAuts
     D:4: 987 daAuts
     D:3: 918 daAuts
     D:8: 717 daAuts
     D:2: 633 daAuts
     D:9: 590 daAuts
    D:11: 340 daAuts
  Temple: 1 daAuts
